Map: King's Cove LE

Players

Mez - Winner!

  • Race: Terran Terran
  • League: Master
  • Spawn Location: 11:00

QuadIQ

  • Race: Zerg Zerg
  • League: Master
  • Spawn Location: 5:00

VOD

Have the link to the VOD?

Description

Time

  • Played on: Aug. 19, 2019, 3:03 p.m.
  • Length: 13:46
Show
View Real Time Build Order
Export as new Build Order

Mez Terran - Winner!

Build Orders: Reaper Expand 

Get SALT Encoding   

  12  0:00  SCV  
  13  0:12  SCV  
  14  0:18  Supply Depot  
  14  0:25  SCV  
  15  0:39  SCV  
  15  0:41  Barracks  
  16  0:45  Refinery  
  16  0:52  SCV  
  17  1:04  SCV  
  18  1:16  SCV  
  19  1:29  Reaper, Orbital Command  
  20  1:44  Command Center  
  20  1:56  SCV  
  20  1:57  Supply Depot  
  21  2:03  Marine  
  22  2:08  SCV  
  23  2:21  Factory  
  23  2:22  Barracks Reactor  
  23  2:23  Refinery  
  23  2:31  Bunker  
  22  2:38  SCV  
  23  3:02  SCV  
  24  3:05  Starport  
  24  3:08  Orbital Command  
  24  3:13  Barracks Tech Lab  
  24  3:14  Hellion x2  
  24  3:19  SCV  
  29  3:36  Hellion x2  
  31  3:43  Marine  
  29  3:56  SCV x2  
  29  4:01  Viking  
  33  4:07  Stimpack  
  33  4:11  SCV  
  33  4:13  SCV  
  35  4:22  Hellion x2  
  39  4:26  SCV  
  39  4:27  SCV  
  41  4:38  SCV, Supply Depot  
  42  4:41  Marine  
  45  4:50  SCV x2  
  45  5:12  Starport Reactor  
  45  5:13  Barracks  
  45  5:14  Barracks  
  45  5:15  SCV x2, Factory Reactor  
  45  5:17  Command Center  
  47  5:27  SCV, Supply Depot  
  47  5:28  SCV  
  49  5:31  Marine  
  50  5:36  Liberator x2  
  50  5:39  SCV  
  51  5:49  SCV, Marine  
  53  5:51  SCV  
  58  6:06  Factory Tech Lab  
  58  6:07  Marauder  
  58  6:10  Marine  
  58  6:11  Marine x3  
  62  6:20  Refinery  
  62  6:21  SCV x2, Supply Depot x2  
  62  6:23  Supply Depot  
  56  6:30  Marine x5  
  61  6:34  SCV x2  
  63  6:46  SCV x2  
  66  6:47  Marine  
  66  6:49  Refinery  
  66  6:50  Orbital Command  
  66  6:58  Engineering Bay  
  66  6:59  Engineering Bay, SCV x2  
  66  7:00  Marine x2  
  70  7:11  SCV x2, Medivac x2  
  76  7:22  Marine x5  
  81  7:23  SCV x2  
  83  7:31  SCV  
  83  7:35  SCV x2  
  86  7:37  Terran Infantry Armor Level 1, Terran Infantry Weapons Level 1  
  86  7:38  Combat Shield  
  86  7:39  Marine  
  86  7:40  Marine x2  
  86  7:43  Orbital Command  
  89  7:47  Supply Depot  
  89  7:52  Marine x2  
  89  7:57  Marine  
  89  7:58  Marine  
  93  8:08  Marine  
  93  8:10  Marine x2  
  93  8:11  SCV x2  
  93  8:12  SCV  
  99  8:15  Siege Tank, Marine x2  
  99  8:17  Barracks  
  99  8:18  Barracks, Medivac x2  
  108  8:23  SCV  
  109  8:29  SCV x2, Marine x3  
  109  8:33  Marine  
  115  8:36  SCV  
  115  8:41  Supply Depot  
  116  8:42  Supply Depot  
  116  8:46  Marine  
  116  8:47  Siege Tank, Marine x3  
  100  8:51  Marine  
  100  8:52  SCV x3  
  104  8:57  Command Center  
  104  9:04  Marine  
  104  9:05  Marine x2  
  104  9:10  Marine x2  
  104  9:13  Barracks Reactor x2  
  104  9:15  SCV x2  
  108  9:19  Supply Depot  
  108  9:20  Siege Tank  
  108  9:22  Marine, Supply Depot  
  108  9:23  Marine x2  
  107  9:27  SCV  
  107  9:28  SCV x2, Marine x2  
  109  9:39  SCV  
  109  9:40  SCV x2, Marine x2  
  109  9:43  Marine  
  115  9:46  Marine x2  
  115  9:51  Factory  
  115  9:52  Siege Tank, SCV x2  
  119  10:04  Marine x8  
  119  10:15  Marine  
  119  10:19  Armory  
  120  10:22  Marine x4  
  120  10:24  Siege Tank, Supply Depot  
  120  10:28  Barracks, Supply Depot  
  127  10:30  Marine, Barracks  
  127  10:31  Marine x3  
  127  10:32  Barracks  
  127  10:33  Marine  
  132  10:39  Marine  
  132  10:41  Marine x3  
  136  10:48  Marine x4  
  134  10:50  Marine, Medivac x2, Factory Tech Lab  
  134  10:56  Siege Tank  
  137  10:57  Marine  
  137  10:59  Marine x3  
  137  11:03  Liberator x2  
  131  11:06  Marine x4  
  131  11:08  Marine  
  131  11:10  Siege Tank  
  135  11:12  SCV x3  
  135  11:15  Marine  
  135  11:17  Planetary Fortress, Marine x3  
  142  11:23  Marine  
  142  11:24  Marine x6  
  133  11:48  Marine x3  
  133  11:49  Marine x4  
  133  11:50  Barracks Reactor, Barracks Tech Lab x2  
  133  11:53  Siege Tank x2  
  146  11:56  Marine x2  
  148  12:03  Medivac x2  
  148  12:06  Marine  
  152  12:09  Marine x3  
  152  12:10  Marine x3  
  152  12:11  Marauder x2  
  152  12:15  Marauder  
  164  12:21  Marine  
  161  12:38  Marine  
  161  12:39  Marine x8  
  161  12:43  Siege Tank x2, Refinery, Marine x2  
  161  12:44  Refinery  
  177  12:56  Marine  
  176  13:03  Marine x2  
  176  13:04  Marine x2  
  180  13:17  Marine  
  180  13:18  Marine x4  
  180  13:20  Marine  
  180  13:26  Marine  
  180  13:27  Marine  
Show
View Real Time Build Order
Export as new Build Order

QuadIQ Zerg 

Build Orders: Pool First 

Get SALT Encoding   

  12  0:01  Drone  
  13  0:12  Overlord  
  13  0:18  Drone  
  14  0:31  Drone x2  
  16  0:37  Drone  
  16  0:40  Extractor  
  16  0:49  Drone  
  17  0:52  Spawning Pool  
  17  0:56  Drone  
  17  1:07  Drone  
  18  1:19  Drone  
  19  1:28  Hatchery  
  19  1:30  Drone  
  19  1:45  Metabolic Boost  
  19  1:48  Queen  
  21  1:55  Overlord  
  21  2:05  Overlord  
  21  2:10  Zergling x2  
  22  2:32  Hatchery  
  22  2:34  Zergling x6  
  24  2:48  Zergling x4  
  26  2:55  Zergling x4, Queen  
  30  3:10  Drone x4  
  34  3:19  Roach Warren  
  33  3:22  Drone  
  32  3:47  Drone x7  
  32  3:48  Drone x2  
  38  4:01  Drone x3  
  41  4:06  Lair  
  41  4:12  Drone x3  
  44  4:24  Queen  
  44  4:27  Queen  
  48  4:34  Drone x3, Extractor  
  48  4:35  Overlord  
  48  4:37  Overlord  
  49  4:43  Evolution Chamber  
  49  4:45  Evolution Chamber  
  47  4:51  Roach  
  47  4:52  Overlord  
  49  4:56  Overlord x2  
  49  5:05  Glial Reconstitution  
  47  5:08  Roach x4  
  55  5:15  Extractor  
  55  5:17  Overseer  
  54  5:22  Drone x7  
  54  5:23  Drone  
  62  5:32  Queen  
  64  5:44  Zerg Melee Weapons Level 1  
  64  6:00  Zergling x20  
  64  6:01  Overlord x2  
  71  6:16  Overlord  
  71  6:17  Overlord  
  68  6:26  Overlord x2  
  68  6:37  Drone x11  
  79  6:41  Hatchery, Ravager x2  
  79  6:42  Ravager x2  
  79  6:46  Zerg Ground Armor Level 1  
  82  7:00  Baneling Nest  
  81  7:02  Drone x7  
  84  7:26  Zergling x24  
  94  7:40  Hydralisk Den  
  94  7:42  Zerg Melee Weapons Level 2  
  93  7:47  Hatchery  
  93  7:49  Zergling x2  
  93  7:50  Overlord x3, Zergling x4  
  93  7:51  Centrifical Hooks  
  95  7:57  Spore Crawler  
  94  7:58  Spore Crawler  
  94  8:01  Drone x6, Spore Crawler  
  98  8:09  Queen  
  98  8:11  Drone x4  
  98  8:12  Drone  
  105  8:17  Baneling  
  105  8:18  Baneling x9  
  105  8:19  Baneling  
  105  8:20  Baneling  
  105  8:21  Baneling  
  105  8:26  Zergling x8  
  109  8:36  Overlord x3  
  109  8:37  Zergling x2  
  109  8:38  Zergling x6  
  100  8:58  Drone x9  
  100  8:59  Grooved Spines  
  107  9:16  Spore Crawler  
  99  9:17  Zergling x14  
  99  9:18  Zergling x6  
  106  9:28  Drone x4  
  106  9:29  Drone  
  111  9:36  Zerg Ground Armor Level 2  
  111  9:50  Drone  
  111  9:51  Drone x11  
  106  10:04  Hydralisk  
  106  10:05  Hydralisk x5  
  112  10:10  Muscular Augments  
  112  10:14  Zergling x14  
  110  10:15  Zergling x2  
  110  10:20  Extractor  
  113  10:21  Extractor  
  113  10:22  Queen  
  113  10:25  Zergling x10  
  113  10:26  Zergling x2  
  113  10:27  Zergling x2  
  121  10:37  Zergling x12  
  121  10:39  Baneling  
  121  10:40  Baneling x2  
  126  10:49  Zergling x18  
  126  10:55  Zergling x2  
  126  10:56  Zergling x14  
  126  11:03  Zergling x10  
  120  11:09  Zergling x6  
  105  11:18  Zergling x14  
  106  11:27  Zergling x8  
  106  11:28  Queen  
  106  11:29  Queen  
  106  11:30  Queen  
  108  11:42  Zergling x16  
  114  11:50  Infestation Pit  
  113  11:59  Hatchery  
  112  12:02  Zergling x2  
  112  12:03  Zergling x18  
  113  12:16  Zergling x2  
  113  12:17  Zergling x6  
  109  12:23  Baneling x7  
  109  12:24  Baneling x6  
  109  12:26  Hydralisk x4  
  117  12:33  Hydralisk  
  117  12:34  Hydralisk x2  
  120  12:45  Hydralisk  
  120  12:46  Hydralisk x5, Spore Crawler  
  120  12:47  Zergling x2  
  120  12:48  Zergling x2, Baneling  
  120  12:49  Baneling x4  
  120  12:50  Baneling x2  
  131  12:51  Baneling  
  119  13:00  Zergling x12  
  109  13:10  Zergling x12  
  104  13:18  Hydralisk x3  
  95  13:29  Zergling x6  
Tags
 
Add a new tag
Caveats
  • Supply blocks, unpowered buildings, or Contaminate may cause inaccurate times.
  • Supply counts are checked every 10 seconds.